 Dungeon Crawl Stone Soup version 0.30.1-11-g7821555f0a (webtiles) character file.

Game seed: 14261506305356379972

296 Wiggles the Chopper (level 6, -1/56 HPs)
             Began as a Minotaur Berserker on Nov 10, 2023.
             Was a Believer of Trog.
             Constricted to death by Grinder (7 damage)
             ... on level 3 of the Dungeon.
             The game lasted 00:03:41 (1911 turns).

Wiggles the Chopper (Minotaur Berserker)            Turns: 1911, Time: 00:03:42

Health: -1/56      AC:  9    Str: 23    XL:     6   Next: 12%
Magic:  5/5        EV:  6    Int:  4    God:    Trog [**....]
Gold:   131        SH:  0    Dex: 10    Spells: 5/5 levels left

rFire   . . .        a - +0 hand axe
rCold   + . .        (no shield)
rNeg    . . .        b - +0 chain mail
rPois   .            (helmet restricted)
rElec   .            (no cloak)
rCorr   +            (no gloves)
SInv    .            (no boots)
Will    .....        (no amulet) Stlth
                     e - ring of protection from cold
HPRegen 0.29/turn    f - ring of resist corrosion
MPRegen 0.09/turn

%: no passive effects
@: grasped by roots, on berserk cooldown, slowed, constricted, very slow
A: horns 2, retaliatory headbutt
a: Renounce Religion, Berserk, Trog's Hand


You were on level 3 of the Dungeon.
You worshipped Trog.
Trog was pleased with you.
You visited 1 branch of the dungeon, and saw 3 of its levels.

You collected 131 gold pieces.

Inventory:

Hand Weapons
 a - a +0 hand axe (weapon)
Armour
 b - a +0 chain mail (worn)
Jewellery
 e - a ring of protection from cold (left hand)
 f - a ring of resist corrosion (right hand)
Scrolls
 c - 2 scrolls of blinking {unknown}
 d - a scroll of teleportation {unknown}
 g - 2 scrolls of enchant armour {unknown}
 i - a scroll of identify {unknown}
 l - a scroll of amnesia {unknown}
 m - a scroll of vulnerability {unknown}
Potions
 h - a potion of mutation {unknown}
 j - a potion of magic {unknown}
 k - 2 potions of berserk rage {unknown}
 n - 2 potions of curing {unknown}
 o - a potion of haste {unknown}


   Skills:
 + Level 5.1 Fighting
 + Level 6.1 Axes
 + Level 4.2 Armour
 + Level 3.0 Dodging


You had 5 spell levels left.
You didn't know any spells.
Your spell library was empty.

Dungeon Overview and Level Annotations

Branches:
Dungeon (3/15)

Altars:

Annotations:
D:3 Grinder


Innate Abilities, Weirdness & Mutations

You have a pair of horns on your head.
You reflexively headbutt those who attack you in melee.


Message History

Grinder gestures at you. Pain shoots through your body!
Things that are here:
a +0 scythe; a +1 robe of fire resistance Grinder zaps a wand.
The roots erupt in riotous growth!
The grasping roots grab you! The grasping roots constrict you!
You escape the roots grasp.
You closely miss Grinder. Grinder hits you but does no damage.
You hit Grinder but do no damage. Your headbutt misses Grinder.
Grinder hits you.
You writhe in agony.
Grinder hits you!
You writhe in agony.
You hit Grinder.
Grinder is lightly wounded.
Grinder zaps a wand.
The roots erupt in riotous growth!
The grasping roots grab you!
Grinder is unaffected.
The grasping roots constrict you.
You barely miss Grinder. Your headbutt misses Grinder.
Grinder is lightly wounded.
Grinder barely misses you. The grasping roots constrict you!
Grinder gestures at you.
You barely resist. The grasping roots constrict you!
The grasping roots release their grip on you.
You barely miss Grinder.
Grinder is lightly wounded.
Grinder hits you.
* * * LOW HITPOINT WARNING * * *
You writhe in agony.
* * * LOW HITPOINT WARNING * * *
You closely miss Grinder.
Grinder is lightly wounded.
Grinder closely misses you.
Grinder grins, showing sharp teeth.
Grinder zaps a wand.
The roots erupt in riotous growth!
The grasping roots grab you!
Grinder is unaffected.
The grasping roots constrict you.
* * * LOW HITPOINT WARNING * * *
You hit Grinder. Your headbutt misses Grinder.
Grinder is lightly wounded.
Grinder blinks!
The grasping roots constrict you!
You die...

#.# #.# #.# #.#
#.####.#### #
#.........# .#
######.##.# .#
#.##.# #######.##
####†##.###........#
#........5...###...#
#.##...###..@§..# #
###.# ##..###...#
.)# ##...........
#..# #.####...###
.#.# #.# ....# .###.
..# .5.... # # ###
.#.## ..##


You could see Grinder.

Vanquished Creatures
  Sigmund (D:3)
  Jessica (D:2)
  3 gnolls (D:2)
  2 adders (D:2)
  A worm (D:2)
  6 dart slugs
  7 endoplasms
  A giant cockroach (D:1)
  A goblin (D:2)
  5 hobgoblins
  2 quokkas (D:1)
  9 ball pythons
  11 bats
  3 frilled lizards
  3 kobolds
  5 rats
61 creatures vanquished.

Notes
Turn   | Place    | Note
-------+----------+-------------------------------------------
     0 | D:1      | Wiggles the Minotaur Berserker began the quest for the Orb.
     0 | D:1      | Reached XP level 1. HP: 19/19 MP: 0/0
   237 | D:1      | Reached skill level 4 in Axes
   237 | D:1      | Reached XP level 2. HP: 17/27 MP: 1/1
   386 | D:1      | Found a faded altar of an unknown god.
  1110 | D:2      | Reached XP level 3. HP: 22/33 MP: 2/2
  1152 | D:2      | Reached ** piety under Trog
  1248 | D:2      | Noticed Jessica
  1254 | D:2      | Killed Jessica
  1308 | D:2      | Reached XP level 4. HP: 41/41 MP: 3/3
  1454 | D:2      | Reached skill level 5 in Axes
  1696 | D:2      | Reached XP level 5. HP: 47/47 MP: 4/4
  1890 | D:3      | Noticed Sigmund
  1891 | D:3      | Noticed Grinder
  1896 | D:3      | Killed Sigmund
  1897 | D:3      | Reached skill level 5 in Fighting
  1897 | D:3      | Reached skill level 6 in Axes
  1897 | D:3      | Reached XP level 6. HP: 56/56 MP: 5/5
  1911 | D:3      | Constricted to death by Grinder

Illustrated notes

Levels and vault maps discovered:
D:1:      grunt_arrival_crossed_arrows, layout_basic,
          dilly_ecumenical_altar_fadedgnrine,
          wander_ebering_terrifying_dragon_lair
D:2:      layout_rooms, minmay_increasing_density, uniq_jessica
D:3:      layout_loops_ring, nicolae_overflows_in_rows, uniq_sigmund,
          uniq_grinder

Skill      XL: |  1  2  3  4  5 |
---------------+----------------+-----
Axes           | 4 5 6 |  6.1
Fighting       | 4 5 |  5.1
Armour         | 3 4 |  4.2
Dodging        | 3 |  3.0

Action                     |  1- 3 |  4- 6 || total
---------------------------+-------+-------++-------
  Melee: Hand axe          |    63 |    65 ||   128
         Headbutt          |    13 |     7 ||    20
 Invoke: Berserk           |     1 |     2 ||     3
 Armour: Animal skin       |    16 |       ||    16
         Chain mail        |    22 |    29 ||    51
  Dodge: Dodged            |    42 |    38 ||    80
